 Dungeon Crawl Stone Soup version 0.17.1-2-g5865329 (webtiles) character file.

63 PossumBlood the Shooter (level 3, -1/24 HPs)
             Began as a High Elf Hunter on Jan 30, 2016.
             Was an Initiate of Okawaru.
             Killed from afar by an orc wizard (7 damage)
             ... with a magic dart
             ... on level 3 of the Dungeon.
             The game lasted 00:08:43 (1710 turns).

PossumBlood the Shooter (High Elf Hunter)           Turns: 1710, Time: 00:08:43

Health: -1/24      AC:  3    Str: 11    XL:     3   Next: 87%
Magic:  4/4        EV: 12    Int: 15    God:    Okawaru [......]
Gold:   84         SH:  0    Dex: 21    Spells: 0 memorised, 2 levels left

rFire  . . .     SeeInvis .     b - +0 short sword
rCold  . . .     Clarity  .     c - +0 leather armour
rNeg   . . .     SustAt   .     (no shield)
rPois  .         Gourm    .     (no helmet)
rElec  .         Spirit   .     (no cloak)
rCorr  .         Warding  .     (no gloves)
rMut   .         Stasis   .     (no boots)
MR     .....                    (no amulet)
Stlth  ++........               u - +3 ring of dexterity
                                p - +2 ring of dexterity

@: not resistant to hostile enchantments, unstealthy
A: no striking features
a: Renounce Religion


You were on level 3 of the Dungeon.
You worshipped Okawaru.
Okawaru was noncommittal.
You were not hungry.

You visited 1 branch of the dungeon, and saw 3 of its levels.

You collected 84 gold pieces.

Inventory:

Hand Weapons
 a - a +1 shortbow
 b - a +0 short sword (weapon)
Missiles
 d - an arrow
Armour
 c - a +0 leather armour (worn)
 t - a +1 chain mail of fire resistance
Jewellery
 p - a +2 ring of dexterity (left hand)
 u - a +3 ring of dexterity (right hand)
Wands
 v - a wand of cold (7)
Scrolls
 h - a scroll of fog {unknown}
 i - a scroll of amnesia {unknown}
 k - a scroll of identify {unknown}
 l - a scroll of random uselessness {unknown}
 m - 3 scrolls of blinking {unknown}
 o - a scroll of enchant armour {unknown}
 r - 2 scrolls of remove curse {unknown}
 s - 3 scrolls of teleportation {unknown}
Potions
 f - a potion of curing {unknown}
 j - a potion of degeneration {unknown}
 q - a potion of poison {unknown}
Miscellaneous
 n - a plain deck of summoning
Comestibles
 e - 3 bread rations
 g - 2 meat rations


   Skills:
 - Level 2.0 Fighting
 * Level 7.3 Bows
 - Level 2.1 Dodging
 - Level 1.1 Stealth


You had 2 spell levels left.
You didn't know any spells.

Dungeon Overview and Level Annotations

Branches:
Dungeon (3/15)

Altars:
Gozag
Nemelex Xobeh
Okawaru


Message History

The orc wizard hits you with a dagger.
* * * LOW HITPOINT WARNING * * *
You closely miss the orc wizard. The orc wizard misses you.
You closely miss the orc wizard.
The orc wizard hits you but does no damage.
The orc wizard gestures wildly while chanting.
The orc wizard seems to speed up.
You hit the orc wizard.
The orc wizard is lightly wounded.
The orc wizard hits you but does no damage.
The orc wizard misses you.
You hit the orc wizard.
The orc wizard is lightly wounded.
The orc wizard hits you with a dagger.
* * * LOW HITPOINT WARNING * * *
The orc wizard hits you but does no damage. x2
You feel yourself speed up. The orc wizard casts a spell at you.
The magic dart hits you!
You die...

#######
#.#####.....#########
.........>@(........#
..######..#.###..##.###
#.o#)# #..##...# #..#.#
#..####.#
#..#.###.......##
....(...........#
.?....###.####..## .
.... ###.#(# #.# #..# #
###....#.# #.#.# #.#
#..#


You could see an orc wizard.

Vanquished Creatures
  A worm (D:3)
  2 giant geckos
  4 orcs
  A ball python (D:3)
  5 bats (D:1)
  3 giant cockroaches
  11 hobgoblins
  5 jackals (D:2)
  3 giant newts
  3 goblins
  6 kobolds
  6 rats
50 creatures vanquished.

Notes
Turn   | Place    | Note
--------------------------------------------------------------
     0 | D:1      | PossumBlood the High Elf Hunter began the quest for the Orb.
     0 | D:1      | Reached XP level 1. HP: 14/14 MP: 2/2
   156 | D:1      | Reached XP level 2. HP: 19/19 MP: 3/3
   224 | D:1      | Reached skill level 6 in Bows
   551 | D:1      | Reached XP level 3. HP: 24/24 MP: 4/4
   769 | D:2      | Found a sparkling altar of Nemelex Xobeh.
  1440 | D:3      | Found a faded altar to an unknown god.
  1456 | D:3      | Found an iron altar of Okawaru.
  1467 | D:3      | Became a worshipper of Warmaster Okawaru
  1470 | D:3      | Reached skill level 7 in Bows
  1621 | D:3      | Found an opulent altar of Gozag.
  1710 | D:3      | Killed from afar by an orc wizard

Action                   || total
-------------------------++-------
Melee: Short sword       ||    24
 Fire: Shortbow          ||   119
  Eat: Bread ration      ||     1
       Beef jerky        ||     1
